Unix NetHack Version 3.7.0-102 Work-in-progress - last build Apr 6 2024 13:22:21 (d302a6a9ff6341f1a922d8f5af178406b35fdf99,branch:master). Game began 2024-04-30 06:45:32, ended 2024-04-30 06:48:31. MalkMcJorma, chaotic male elven Ranger ---------- |@+??!(%[| #+@m%?![?[| ###|.%)%*)+)| # ---------- #### -------------- # |(...<.......| ### |............| ## # #.............| #-----|-- ####-------------- #|.......###### #.......| |......| -......| |......| -------- MalkMcJorma the Tenderfoot St:13 Dx:10 Co:14 In:14 Wi:16 Ch:8 Chaotic Dlvl:2 $:16 HP:0(14) Pw:3(3) AC:5 Xp:1/11 T:318 Latest messages: What do you want to drop? [$a-j or ?*] You drop a whistle. Warfrost picks up a gold piece. You see here a whistle. You have a little trouble lifting j - a whistle. What do you want to drop? [$a-j or ?*] You drop a chest. Your movements are now unencumbered. What do you want to use or apply? [j or ?*] You produce a strange whistling sound. Warfrost vanishes and reappears next to you. Warfrost drops a gold piece. You hear water falling on coins. You see here 3 gold pieces. $ - 3 gold pieces (13 in total). You swap places with Warfrost. You see here a gold piece. $ - a gold piece (14 in total). This door is locked. In what direction? As you kick the door, it crashes open! You find a hidden door. You see here 2 gold pieces. $ - 2 gold pieces (16 in total). You swap places with Warfrost. The door opens. You stop. Warfrost is in the way! You kill the jackal! You kill the jackal! You kill the jackal! "Hello, MalkMcJorma! Welcome to Bordeyri's general store!" There is nothing here to pick up. There is nothing here to pick up. There is nothing here to pick up. "Hello, MalkMcJorma! Welcome again to Bordeyri's general store!" You miss the lichen. You miss the lichen. You miss the lichen. You kill the lichen! In what direction? The door resists! In what direction? The door closes. Wait! That's a giant mimic! You cannot escape from the giant mimic! You hit the giant mimic. The giant mimic hits! The giant mimic hits again! You die... Bordeyri gratefully inherits all your possessions. Inventory: Coins ('$') $ - 16 gold pieces Weapons (')') c - 55 blessed +2 elven arrows (in quiver) d - 31 uncursed +0 elven arrows b - an uncursed +1 elven bow (alternate weapon; not wielded) a - the uncursed +1 Sting (weapon in right hand) Armor ('[') g - an uncursed +0 large shield (being worn) e - an uncursed +2 elven cloak (being worn) Comestibles ('%') f - 4 uncursed lembas wafers Potions ('!') h - an uncursed potion of confusion Tools ('(') j - an uncursed magic whistle MalkMcJorma the Ranger's attributes: Background: You were a Tenderfoot, a level 1 male elven Ranger. You were chaotic, on a mission for Mars who was opposed by Mercury (lawful) and Venus (neutral). You were right-handed. You were in the Dungeons of Doom, on level 2. You entered the dungeon 318 turns ago. You had 11 experience points, 9 more were needed to attain level 2. Basics: You had 0 out of 14 hit points. You had all 3 energy points (spell power). Your armor class was 5. Your wallet contained 16 zorkmids. Autopickup was off. Final Characteristics: Your strength was 13 (limit:18). Your dexterity was 10 (limit:18). Your constitution was 14 (limit:16). Your intelligence was 14 (limit:20). Your wisdom was 16 (limit:20). Your charisma was 8 (limit:18). Final Status: You were held by a giant mimic (east). You weren't hungry. You were unencumbered. You were wielding a dagger. You had basic skill with dagger. Final Attributes: You were fervently aligned. You were aware of the presence of orcs. You had automatic searching. You had infravision. You were stealthy. You were warded. You are dead. Miscellaneous: You disabled loading of bones levels. Total elapsed playing time was 2 minutes and 58 seconds. Major events: Turn 1: MalkMcJorma the chaotic male elven Ranger entered the dungeon 1: became literate by naming Sting 318: killed by a giant mimic Vanquished creatures: 3 jackals a fox a lichen 5 creatures vanquished. No species were genocided or became extinct. Voluntary challenges: You went without food. You were an atheist. You read items or engraved 1 time. You never engraved Elbereth. You never genocided any monsters. You never polymorphed an object. You never changed form. You used no wishes. Achievement: You entered a shop. The Dungeons of Doom: levels 1 to 2 Level 1: Level 2: <- You were here. A general store. Final resting place for you, killed by a giant mimic. Game over: ---------- / \ / REST \ / IN \ / PEACE \ / \ | MalkMcJorma | | 16 Au | | killed by a | | giant mimic | | | | | | 2024 | *| * * * | * _________)/\\_//(\/(/\)/\//\/|_)_______ Goodbye MalkMcJorma the Ranger... You died in The Dungeons of Doom on dungeon level 2 with 109 points, and 16 pieces of gold, after 318 moves. You were level 1 with a maximum of 14 hit points when you died.